AoeStats
← larysnodder

African Clearing

510582443Analyzed
2v2 RM · 14h ago on Oct 1, 2026· 26m 32s· 4 players
Game mode
Random Map
Map size
Medium (4 player)
Population
200
Speed
Normal
Resources
Standard
Victory
Conquest
Starting age
Dark Age
Ending age
Imperial Age
RankedLock teamsTeams togetherTeam positionsShared explorationLock speedFull tech treeHidden civsTurbo modeCheats
Victory
Defeat
🇹🇷 Vietnamese · Türkiye
1330
+15
🇹🇷 Huns · Türkiye
1330
+15
🇩🇪 Persians · Germany
1335
-17
🇦🇹 Saracens · Austria
1262
-13
larysnodder
8:51 Loom
13:07 Feudal Age
13:43 Double-Bit Axe
15:47 Fletching
17:17 Wheelbarrow
25:05 Padded Archer Armor
26:16 Scale Mail Armor
PudelDesTodes
12:13 Feudal Age
12:08 Man-at-Arms
12:57 Arson
13:26 Forging
15:36 Double-Bit Axe
15:34 Horse Collar
16:18 Loom
18:04 Wheelbarrow
28:09 Castle Age
26:45 Stone Mining
LunaticRider
8:49 Loom
11:10 Loom
13:17 Feudal Age
18:02 Double-Bit Axe
18:33 Fletching
21:52 Horse Collar
26:51 Wheelbarrow
DNA
9:25 Loom
11:59 Feudal Age
13:04 Double-Bit Axe
24:52 Castle Age
23:07 Scale Barding Armor
24:48 Bloodlines
24:50 Forging
24:47 Gold Mining
24:42 Horse Collar
Connection lost

Rejoining the realm…

Still unreachable

The connection could not be restored.

Session expired

The server has moved on; the page needs a fresh start.